Map: Submarine LE

Players

Seither - Winner!

  • Race: Terran Terran
  • Spawn Location: 5:00

MeomaikA

  • Race: Zerg Zerg
  • League: Grandmaster
  • Spawn Location: 11:00

Event: DreamHack SC2 Masters 2020 Fall

VOD

Have the link to the VOD?

Description

Time

  • Played on: Aug. 28, 2020, 7:29 a.m.
  • Length: 18:36

All games in this series

Show
View Real Time Build Order
Export as new Build Order

Seither Terran - Winner!

Build Orders: Reaper Expand 

Get SALT Encoding   

  12  0:00  SCV  
  13  0:12  SCV  
  14  0:16  Supply Depot  
  14  0:24  SCV  
  15  0:38  SCV  
  15  0:40  Barracks  
  16  0:44  Refinery  
  16  0:50  SCV  
  17  1:02  SCV  
  18  1:14  SCV  
  19  1:27  Reaper, Orbital Command  
  20  1:40  Command Center  
  20  1:50  Barracks  
  20  1:54  SCV  
  20  2:01  Barracks Reactor  
  21  2:06  SCV  
  22  2:10  Supply Depot  
  22  2:18  SCV  
  23  2:27  Factory  
  23  2:31  SCV, Refinery  
  24  2:37  Marine x2  
  24  2:40  Barracks Tech Lab  
  24  2:43  SCV  
  27  2:53  Orbital Command  
  27  2:56  SCV, Marine x2  
  29  3:01  Stimpack  
  29  3:03  Marine  
  30  3:09  SCV  
  31  3:14  Marine x2  
  33  3:21  Marine  
  33  3:22  Starport  
  33  3:24  SCV  
  33  3:26  SCV  
  36  3:29  Factory Reactor  
  36  3:34  Supply Depot  
  36  3:35  Marine x2  
  36  3:39  Marine  
  36  3:40  SCV  
  40  3:42  SCV  
  41  3:53  Marine x2  
  41  3:54  SCV  
  44  3:56  SCV  
  44  3:57  Supply Depot, Marine  
  46  4:08  SCV x2  
  46  4:09  Medivac  
  36  4:10  Medivac  
  50  4:13  Marine x2  
  54  4:18  Factory Tech Lab  
  54  4:19  Marine  
  54  4:20  Supply Depot  
  54  4:21  Engineering Bay  
  54  4:24  SCV x2  
  56  4:29  Supply Depot  
  57  4:31  Marine x2  
  57  4:36  Refinery, Marine  
  60  4:41  Siege Tank  
  63  4:47  SCV, Barracks  
  63  4:49  SCV  
  65  4:53  Supply Depot  
  65  4:54  Marine x2  
  65  4:59  Marine  
  66  5:02  Terran Infantry Weapons Level 1  
  66  5:04  SCV x2  
  69  5:07  Combat Shield  
  69  5:12  Marine x2  
  71  5:16  SCV x2  
  72  5:26  Siege Tank  
  74  5:28  SCV x2  
  74  5:31  Marine x3  
  74  5:35  Supply Depot x2  
  79  5:40  SCV  
  79  5:41  SCV, Marine x2  
  80  5:43  Medivac  
  80  5:49  Marine  
  83  5:52  Marine  
  83  5:53  SCV x2  
  83  5:56  Marine  
  87  5:58  Supply Depot x2, Marine  
  87  5:59  Marine  
  92  6:04  Siege Tank  
  92  6:07  Marine  
  93  6:12  Marine  
  93  6:14  Marine  
  93  6:16  Marine x2  
  97  6:19  Medivac  
  83  6:32  Marine x3  
  85  6:36  Command Center  
  85  6:38  Refinery  
  86  6:42  SCV x2, Marine x2  
  90  6:50  Marine  
  90  6:52  Starport Reactor, Siege Tank  
  90  6:53  Barracks x2  
  94  6:56  Marine x2  
  94  7:00  SCV x2, Marine  
  99  7:01  Terran Infantry Armor Level 1  
  99  7:05  Marine  
  99  7:07  Marine  
  101  7:12  Armory  
  101  7:14  Engineering Bay, Marine x2  
  103  7:30  Marine, Siege Tank  
  103  7:31  Marine x2  
  103  7:32  Marine  
  109  7:38  Liberator x2  
  109  7:43  SCV  
  109  7:44  SCV  
  116  7:49  Barracks Reactor x2  
  116  7:56  SCV x2  
  118  8:00  Marine x4  
  118  8:01  Terran Infantry Weapons Level 2  
  122  8:10  Orbital Command  
  122  8:11  SCV x2  
  122  8:12  Marine  
  125  8:19  Supply Depot, Marine x2  
  127  8:20  Marine x2  
  127  8:22  Supply Depot  
  129  8:30  Marine x4  
  133  8:38  Terran Vehicle Weapons Level 1  
  133  8:40  SCV x2, Supply Depot, Marine x3, Siege Tank  
  141  8:43  Marine  
  141  8:44  Supply Depot  
  141  8:46  Supply Depot  
  142  8:53  Marine x4  
  146  8:58  Marine x2  
  146  9:01  Medivac x2, Terran Infantry Armor Level 2  
  152  9:05  SCV x2  
  154  9:11  Supply Depot  
  154  9:12  SCV, Supply Depot, Refinery  
  154  9:14  Refinery  
  152  9:24  Missile Turret  
  152  9:25  Missile Turret  
  152  9:30  Marine x4  
  153  9:31  Missile Turret  
  153  9:38  Marine x4  
  155  9:41  SCV x2  
  159  9:48  Command Center  
  159  9:55  Marine x3  
  159  9:56  Thor  
  158  10:03  Factory, Marine x2  
  160  10:09  Drilling Claws  
  160  10:10  Medivac x2  
  164  10:23  Marine x3  
  164  10:24  Marine x3, Barracks x2  
  164  10:25  Barracks  
  168  10:35  Marine  
  168  10:36  Missile Turret, Marine  
  168  10:37  Terran Infantry Weapons Level 3  
  170  10:45  Thor  
  170  10:46  Medivac x2  
  170  10:48  Factory Reactor  
  180  10:54  Bunker  
  180  10:57  Marauder, Marine x3  
  180  11:03  Sensor Tower  
  185  11:12  Barracks Tech Lab x2  
  185  11:13  Marine x2, Barracks Tech Lab  
  178  11:18  Marauder  
  178  11:19  Marine  
  178  11:20  Marine  
  178  11:21  Terran Infantry Armor Level 3  
  182  11:28  Marine x3  
  124  11:40  Marine  
  124  11:41  Marauder x3  
  124  11:42  Marine x2  
  124  11:43  Thor  
  124  11:44  Widow Mine x2  
  139  11:53  SCV x3  
  142  11:55  Marine x4  
  142  11:56  Marauder  
  142  11:57  Concussive Shells  
  148  12:08  Marine x5  
  150  12:13  Widow Mine x2  
  131  12:27  Marine x6  
  131  12:28  Marauder, Marine x2  
  116  12:32  Marine x2  
  116  12:33  Marine  
  109  12:45  Marine x4, Widow Mine x3  
  109  12:50  Marauder  
  118  12:56  Marauder x2, Marine x2  
  118  12:57  Marine  
  118  12:58  Marine  
  122  13:01  Marine  
  122  13:02  Marine  
  122  13:05  SCV x2  
  125  13:11  Widow Mine x3  
  131  13:19  Marine x3  
  134  13:24  SCV x3  
  137  13:30  Planetary Fortress  
  137  13:36  SCV x2  
  137  13:37  Marine x2  
  137  13:40  SCV, Marine x4  
  137  13:41  Marauder  
  133  13:48  SCV  
  133  13:51  Marauder x2, Marine x2  
  139  13:57  Widow Mine, Marine  
  139  13:58  Widow Mine, Marine x2  
  144  14:10  Marine  
  144  14:11  Marauder x2, Marine x2  
  144  14:14  Marine x2  
  143  14:19  Marauder x2, Marine  
  143  14:22  Widow Mine x2  
  145  14:25  Marine x2  
  143  14:37  Marauder x2, Marine x3  
  150  14:39  Medivac x2, Widow Mine  
  150  14:41  Marauder  
  150  14:43  Widow Mine  
  160  14:49  Marine  
  160  14:50  Marauder, Marine x2  
  165  14:53  Terran Ship Weapons Level 1, Supply Depot  
  165  14:58  Marauder x2  
  169  15:00  Command Center  
  169  15:02  Marauder  
  169  15:04  Widow Mine x2  
  175  15:11  Marine x2  
  175  15:12  Marauder  
  175  15:14  Liberator  
  177  15:15  Liberator  
  183  15:24  Marauder x2, Marine  
  188  15:28  Supply Depot  
  188  15:30  Supply Depot, Marine  
  188  15:32  Marauder  
  132  15:43  Marauder, Marine  
  132  15:46  Marauder  
  132  15:50  Marine x2  
  132  15:51  Marauder, Marine x4  
  132  15:54  Marauder  
  132  15:55  Marine  
  143  16:00  Marine  
  143  16:04  Marauder  
  143  16:05  Widow Mine x2  
  143  16:07  Liberator x2  
  152  16:13  Orbital Command  
  152  16:16  Marine x3  
  152  16:18  Marine x3  
  139  16:23  Marine x4  
  142  16:35  Marauder x2  
  142  16:37  Marine  
  147  16:41  Widow Mine  
  149  16:49  Planetary Fortress  
  149  16:58  Medivac x2  
  148  17:15  Marauder x3, Marine x7  
  147  17:28  Marauder, Marine  
  150  17:32  Marine x2  
  150  17:33  Marine x2  
  150  17:34  SCV x4, Marine  
  150  17:35  Marine x2  
  150  17:36  Marauder x3  
  169  17:37  Widow Mine x3  
  169  17:40  Medivac x2  
  177  17:58  Marauder x4, Marine  
  186  17:59  Widow Mine  
  184  18:11  Marine x3  
Show
View Real Time Build Order
Export as new Build Order

MeomaikA Zerg 

Build Orders: Hatch First, Muta Ling Bane 

Get SALT Encoding   

  12  0:00  Drone  
  13  0:08  Drone  
  14  0:16  Overlord  
  14  0:24  Extractor  
  14  0:25  Drone  
  15  0:34  Drone  
  15  0:35  Drone  
  17  0:52  Hatchery  
  17  0:55  Drone  
  17  1:08  Spawning Pool  
  17  1:10  Drone  
  17  1:12  Extractor  
  17  1:15  Drone  
  17  1:19  Drone  
  18  1:26  Drone  
  19  1:36  Overlord  
  19  1:55  Zergling x2, Queen  
  19  1:58  Zergling x2  
  23  2:03  Queen  
  23  2:04  Drone  
  26  2:09  Drone  
  26  2:14  Metabolic Boost  
  28  2:15  Drone  
  28  2:21  Drone  
  29  2:25  Drone  
  30  2:30  Drone  
  31  2:39  Drone  
  31  2:41  Drone  
  33  2:46  Hatchery  
  33  2:47  Drone  
  33  2:52  Overlord  
  33  2:57  Drone  
  34  3:02  Drone  
  34  3:03  Overlord  
  35  3:06  Drone  
  35  3:08  Evolution Chamber  
  35  3:10  Zergling x2  
  35  3:11  Zergling x2  
  37  3:13  Drone  
  37  3:15  Drone  
  37  3:18  Drone  
  40  3:20  Drone  
  40  3:22  Drone  
  42  3:31  Queen, Drone  
  45  3:36  Zerg Ground Armor Level 1  
  45  3:38  Drone  
  45  3:40  Drone  
  47  3:43  Drone  
  47  3:45  Overlord  
  47  3:47  Drone  
  49  3:53  Queen  
  51  3:56  Drone  
  51  3:58  Drone x2  
  51  3:59  Drone  
  55  4:03  Queen  
  55  4:05  Drone  
  55  4:08  Drone  
  55  4:09  Drone  
  60  4:13  Overlord  
  60  4:16  Queen  
  62  4:18  Drone  
  62  4:19  Drone  
  62  4:21  Drone  
  62  4:22  Drone  
  66  4:30  Spore Crawler x2  
  64  4:32  Lair  
  64  4:33  Spore Crawler, Drone  
  64  4:35  Drone  
  64  4:37  Evolution Chamber  
  64  4:38  Drone  
  64  4:42  Queen  
  67  4:46  Drone  
  67  4:47  Drone  
  67  4:49  Drone x3  
  67  4:50  Zergling x2  
  73  4:53  Overlord  
  73  4:57  Overlord  
  73  4:58  Drone  
  73  4:59  Overlord  
  74  5:01  Drone, Extractor x2  
  74  5:02  Drone  
  74  5:06  Zerg Melee Weapons Level 1  
  74  5:07  Overlord  
  74  5:15  Zergling x2  
  74  5:16  Zergling x4  
  74  5:17  Zergling x8  
  74  5:18  Zergling x2  
  74  5:20  Zergling x2  
  81  5:22  Zergling x2  
  81  5:27  Zergling x2  
  76  5:29  Zergling x6  
  76  5:30  Zergling x2  
  76  5:35  Zergling x2  
  77  5:37  Zergling x2  
  77  5:38  Zergling x4  
  77  5:39  Zergling x2  
  77  5:41  Queen x2  
  83  5:42  Zergling x2  
  83  5:45  Zergling x2  
  84  5:51  Zergling x2  
  84  5:53  Baneling Nest  
  84  5:56  Zergling x2  
  85  6:00  Queen  
  85  6:01  Zerg Ground Armor Level 2  
  85  6:02  Zergling x4  
  85  6:03  Zergling x2, Drone  
  91  6:05  Zergling x2  
  91  6:07  Drone  
  93  6:12  Zergling x4  
  93  6:17  Zergling x4  
  96  6:20  Zergling x2  
  96  6:22  Zergling x2  
  96  6:23  Zergling x4  
  97  6:29  Zergling x2  
  97  6:32  Zergling x2  
  97  6:41  Overlord  
  97  6:44  Overlord  
  97  6:53  Hatchery, Extractor x2, Spire  
  93  6:57  Overlord x2  
  93  6:58  Overlord  
  93  6:59  Queen x2  
  97  7:01  Queen  
  97  7:03  Centrifical Hooks  
  97  7:07  Zergling x12  
  105  7:10  Baneling x2  
  105  7:11  Baneling x3  
  105  7:17  Zergling x6  
  105  7:18  Drone  
  105  7:34  Queen  
  105  7:36  Zergling x2  
  105  7:37  Zergling x4  
  106  7:38  Overlord  
  106  7:39  Zerg Melee Weapons Level 2  
  106  7:41  Drone x6  
  113  7:44  Drone  
  113  7:46  Overlord  
  114  7:53  Extractor  
  114  7:54  Zergling x8  
  114  7:55  Zergling x2  
  114  7:56  Zergling x2  
  114  7:58  Zergling x4, Drone  
  117  8:05  Zergling x2, Overlord  
  119  8:06  Zerg Flyer Weapons Level 1, Spore Crawler, Drone  
  119  8:08  Drone  
  119  8:09  Queen  
  119  8:10  Drone x2  
  119  8:11  Drone  
  125  8:23  Mutalisk x5  
  135  8:27  Drone x2  
  135  8:29  Drone x2  
  139  8:36  Drone x5  
  139  8:38  Zergling x2  
  139  8:39  Drone  
  146  8:42  Overlord  
  146  8:50  Zergling x10, Overlord  
  151  8:56  Overlord x2  
  151  8:58  Extractor  
  151  8:59  Drone, Extractor  
  150  9:09  Overlord, Drone x2  
  152  9:17  Mutalisk  
  152  9:18  Mutalisk x6  
  152  9:22  Drone x2  
  152  9:23  Drone x2  
  162  9:24  Drone x2  
  162  9:27  Overlord  
  162  9:28  Drone  
  162  9:30  Zergling x2  
  162  9:31  Drone  
  164  9:35  Drone x2  
  164  9:36  Drone x2  
  166  9:55  Drone x7  
  166  9:56  Drone x2  
  174  10:04  Zerg Flyer Weapons Level 2  
  174  10:08  Baneling x9  
  174  10:09  Hatchery, Baneling  
  174  10:10  Infestation Pit  
  174  10:11  Zergling x4  
  174  10:14  Zergling x2  
  175  10:18  Extractor  
  175  10:20  Extractor  
  172  10:23  Zergling x6  
  175  10:38  Baneling x28  
  175  10:41  Hatchery, Extractor  
  175  10:42  Drone x5  
  178  10:43  Zergling x2  
  179  10:51  Hive  
  179  10:54  Drone x2  
  179  10:55  Zergling x4  
  179  10:56  Zergling x6  
  186  11:00  Baneling x8  
  186  11:03  Zergling x2  
  187  11:06  Drone x2  
  187  11:10  Zergling x6  
  192  11:14  Overlord  
  188  11:19  Zergling x2  
  188  11:20  Zergling x6  
  188  11:24  Zergling x12  
  198  11:26  Overlord  
  179  11:39  Zergling x2  
  156  11:40  Zergling x28  
  156  11:43  Zergling x2  
  156  11:44  Zergling x2  
  156  11:45  Zergling x4  
  156  11:46  Mutalisk  
  161  11:47  Mutalisk x2  
  161  11:49  Drone x2  
  161  11:52  Baneling x18  
  161  11:53  Zergling x2  
  168  11:55  Zergling x4  
  168  11:56  Zergling x4  
  168  11:59  Zergling x2  
  168  12:00  Zergling x2  
  174  12:02  Zergling x2  
  174  12:03  Zergling x4  
  174  12:05  Zergling x2  
  174  12:08  Zergling x14  
  183  12:16  Zergling x4  
  183  12:19  Zergling x18  
  183  12:22  Zergling x2  
  160  12:24  Zergling x2  
  160  12:26  Zergling x2  
  160  12:28  Zergling x2  
  160  12:29  Zergling x2  
  148  12:31  Zergling x4  
  148  12:32  Zergling x4  
  148  12:33  Zergling x2  
  148  12:36  Zergling x2  
  152  12:38  Zergling x2  
  152  12:39  Zergling x6  
  152  12:40  Zergling x4  
  152  12:41  Zerg Ground Armor Level 3  
  152  12:42  Zerg Melee Weapons Level 3  
  152  12:43  Zergling x2  
  150  12:45  Zergling x2  
  150  12:46  Zergling x4  
  150  12:48  Zergling x6  
  146  12:51  Zergling x2  
  146  12:52  Zergling x2  
  146  12:53  Zergling x2  
  146  12:54  Zergling x2  
  146  12:58  Queen, Drone x2, Baneling  
  135  13:02  Zergling x2  
  135  13:04  Mutalisk x4  
  144  13:06  Adrenal Glands  
  144  13:08  Drone  
  144  13:09  Drone x2  
  144  13:10  Drone  
  148  13:13  Ultralisk Cavern  
  148  13:14  Baneling x14  
  147  13:21  Drone x3  
  147  13:23  Mutalisk x3  
  157  13:27  Zergling x12  
  157  13:28  Zergling x2  
  161  13:36  Corruptor x3  
  161  13:37  Baneling x3  
  161  13:40  Baneling  
  161  13:41  Baneling x7  
  167  13:48  Mutalisk x5  
  154  13:49  Zergling x2  
  154  13:50  Zergling x2  
  154  13:51  Zergling x2  
  154  13:52  Zergling x2  
  154  13:53  Zergling x2  
  154  13:54  Zergling x4  
  154  13:55  Zergling x2  
  168  14:14  Ultralisk x2  
  168  14:15  Ultralisk x2  
  168  14:17  Zergling x10  
  185  14:18  Zergling x4  
  185  14:20  Zergling x2  
  185  14:24  Zergling x12  
  185  14:25  Zergling x2  
  169  14:33  Zergling x20  
  169  14:35  Chitinous Plating  
  169  14:37  Zergling x2  
  176  14:41  Baneling x6  
  176  14:43  Zergling x2  
  176  14:44  Zergling x12  
  183  14:55  Zergling x2  
  183  14:56  Zergling x18  
  183  14:57  Zergling x2, Hatchery  
  190  15:00  Zergling x2  
  190  15:01  Zergling x8, Baneling  
  190  15:02  Baneling x2  
  190  15:04  Baneling x5  
  190  15:05  Baneling  
  190  15:06  Zergling x2  
  193  15:10  Zergling x10  
  193  15:13  Zergling x2  
  198  15:14  Baneling x20  
  198  15:21  Zergling x2  
  159  15:40  Zergling x52  
  159  15:41  Zergling x4  
  159  15:42  Zergling x2  
  149  15:46  Zergling x2  
  149  15:47  Zergling x2  
  149  15:48  Zergling x4  
  143  15:52  Zergling x12  
  143  15:54  Zergling x2  
  143  15:56  Zergling x2  
  146  16:00  Overlord  
  139  16:06  Zergling x2  
  139  16:07  Zergling x12  
  139  16:09  Ultralisk  
  139  16:11  Zergling x6  
  148  16:17  Hatchery  
  128  16:20  Corruptor x3  
  128  16:21  Overseer x2  
  128  16:25  Drone x3  
  133  16:41  Infestor x3  
  133  16:44  Ultralisk  
  149  16:49  Extractor  
  149  16:50  Zergling x12  
  149  16:52  Zergling x4  
  156  16:54  Baneling x4  
  156  16:57  Zergling x2  
  156  16:59  Zergling x2  
  156  17:00  Zergling x2  
  157  17:01  Zergling x2  
  157  17:02  Zergling x2  
  157  17:03  Zergling x2  
  157  17:04  Zergling x4  
  153  17:11  Zergling x2  
  140  17:19  Zergling x26  
  127  17:29  Baneling x11  
  124  17:31  Zergling x6  
  124  17:33  Zergling x2  
  128  17:48  Baneling x11  
  128  17:49  Baneling x6  
  128  17:50  Zergling x2  
  117  18:11  Zergling x2  
  117  18:12  Zergling x24  
  105  18:13  Zergling x2  
  105  18:15  Zergling x2  
  105  18:16  Zergling x2  

Tags
 
Add a new tag
Caveats
  • Supply blocks, unpowered buildings, or Contaminate may cause inaccurate times.
  • Supply counts are checked every 10 seconds.